 Dungeon Crawl Stone Soup version 0.26.1-2-gb8aa6d0cf2 (console) character file.

Game seed: 11805208574867749594

205 om the Changer (level 5, -5/41 HPs)
             Began as a Draconian Transmuter on Mar 1, 2021.
             Slain by a gnoll
             ... wielding a +0 whip
              (8 damage)
             ... on level 3 of the Dungeon.
             The game lasted 00:04:35 (3050 turns).

om the Changer (Draconian Transmuter)               Turns: 3050, Time: 00:04:35

Health: -5/41      AC:  6    Str: 14    XL:     5   Next: 53%
Magic:  9/9        EV: 12    Int: 19    God:
Gold:   56         SH:  0    Dex: 11    Spells: 9/10 levels left

rFire    . . .     SeeInvis .   m - +1 dagger (venom)
rCold    . . .     Faith    .   (no shield)
rNeg     . . .     Spirit   .   (armour unavailable)
rPois    .         Reflect  .   (helmet currently unavailable)
rElec    .         Harm     .   (no cloak)
rCorr    .         Rampage  .   o - +0 pair of gloves
Will     .....                  (boots currently unavailable)
Stlth    +.........             (no amulet)
HPRegen  0.13/turn              i - +6 ring of intelligence
MPRegen  0.11/turn              (no ring)

@: appendages
A: unfitting armour, horns 2, talons 2, cold-blooded, AC +5
a: End Transformation


You were on level 3 of the Dungeon.
You had grown temporary horns.
You had grown temporary talons.
You visited 1 branch of the dungeon, and saw 3 of its levels.

You collected 56 gold pieces.

Inventory:

Hand Weapons
 m - a +1 dagger of venom (weapon)
Armour
 o - a +0 pair of gloves (worn)
Jewellery
 i - a +6 ring of intelligence (left hand)
Scrolls
 c - 4 scrolls of amnesia {unknown}
 d - a scroll of enchant weapon
 h - a scroll of identify {unknown}
 k - a scroll of magic mapping {unknown}
Potions
 a - 2 potions of flight {unknown}
 b - 2 potions of degeneration {unknown}
 e - a potion of brilliance {unknown}
 f - a potion of invisibility {unknown}
 g - a potion of attraction {unknown}
 j - a potion of ambrosia {unknown}
 l - a potion of mutation {unknown}
 n - a potion of curing {unknown}


   Skills:
 - Level 2.0 Fighting
 - Level 1.7 Dodging
 - Level 3.0 Unarmed Combat
 - Level 3.0 Spellcasting
 * Level 5.0 Transmutations


You had 9 spell levels left.
You knew the following spells:

 Your Spells              Type           Power        Failure   Level
a - Beastly Appendage     Tmut           44%          1%          1

Your spell library contained the following spells:

 Spells                   Type           Power        Failure   Level
 Wereblood                Tmut           22%          3%          2
 Spider Form              Tmut/Pois      6%           16%         3
 Ice Form                 Ice/Tmut       12%          47%         4
 Blade Hands              Tmut           11%          47%         5


Dungeon Overview and Level Annotations

Branches:
Dungeon (3/15)

Altars:
Makhleb
Nemelex Xobeh


Innate Abilities, Weirdness & Mutations

Your plain brown scales are hard. (AC +5)
You cannot fit into any form of body armour.
You are cold-blooded and may be slowed by cold attacks.
You have a pair of horns on your head.
You have razor-sharp toenails.


Message History

The gnoll is moderately wounded.
The gnoll hits you with a +0 whip!
You hit the gnoll.
The gnoll is poisoned.
The gnoll is moderately wounded.
You hit the gnoll but do no damage. Your kick misses the gnoll.
The gnoll closely misses you.
You hit the gnoll.
You tail-slap the gnoll, but do no damage.
The gnoll is severely wounded.
The gnoll hits you with a +0 club. The gnoll hits you with a +0 whip!
You hit the gnoll but do no damage.
The gnoll is poisoned.
The gnoll hits you with a +0 club!
* * * LOW HITPOINT WARNING * * *
The gnoll hits you with a +0 whip.
* * * LOW HITPOINT WARNING * * *
You are too injured to fight recklessly!
Unknown command.
There is a stone staircase leading up here.
An adder comes into view.
The adder hisses angrily.
The gnoll barely misses you. The gnoll hits you with a +0 whip!
You die...

..## ...###
#.....# #...
..## #..# ..#
####... #.#
.....#.##@#####
#...lgg....#
#.#.†#<###.S...
##.#g# ##.
#l#.. ...#..
... #.. .....
... ###.. #...
###. ....


You could see 3 gnolls, an adder and a leopard gecko.

Vanquished Creatures
  Jessica (D:2)
  Natasha (thrice) (D:2)
  A gnoll (D:3)
  4 adders
  A worm (D:2)
  4 dart slugs (D:1)
  2 leopard geckos
  4 orcs (D:2)
  6 bats
  A giant cockroach (D:1)
  4 jackals (D:2)
  2 quokkas (D:2)
  3 frilled lizards (D:2)
  4 goblins
  5 kobolds
  8 rats
53 creatures vanquished.

Notes
Turn   | Place    | Note
-------+----------+-------------------------------------------
     0 | D:1      | om the Draconian Transmuter began the quest for the Orb.
     0 | D:1      | Reached XP level 1. HP: 16/16 MP: 3/3
   555 | D:1      | Reached XP level 2. HP: 19/23 MP: 3/5
  1281 | D:2      | Reached skill level 3 in Transmutations
  1281 | D:2      | Reached XP level 3. HP: 19/29 MP: 4/6
  1447 | D:2      | Noticed Natasha
  1457 | D:2      | Killed Natasha
  1458 | D:2      | Reached XP level 4. HP: 22/36 MP: 6/8
  1729 | D:2      | Noticed Natasha
  1733 | D:2      | Killed Natasha
  2062 | D:2      | Reached skill level 4 in Transmutations
  2352 | D:2      | Found a burning altar of Makhleb.
  2352 | D:2      | Noticed a balrug
  2355 | D:2      | Noticed an orange demon
  2355 | D:2      | Noticed a neqoxec
  2410 | D:2      | Noticed Jessica
  2416 | D:2      | Killed Jessica
  2417 | D:2      | Reached XP level 5. HP: 22/41 MP: 7/9
  2669 | D:2      | Found a sparkling altar of Nemelex Xobeh.
  2724 | D:2      | Noticed Natasha
  2732 | D:2      | Killed Natasha
  3041 | D:3      | Reached skill level 5 in Transmutations
  3050 | D:3      | Slain by a gnoll

Illustrated notes

Levels and vault maps discovered:
D:1:      dpeg_arrival_water_fire, layout_rooms
D:2:      layout_basic, makhleb_altar_promises_db, nemelex_altar_shiori,
          wad_orctagon, uniq_natasha, uniq_jessica
D:3:      layout_rooms

Skill      XL: |  1  2  3  4  5 |
---------------+----------------+-----
Transmutations | 3 4 5 |  5.0
Fighting       | 2 |  2.0
Spellcasting   | 3 |  3.0
Dodging        | |  1.7
Unarmed Combat | |  3.0

Action                   |  1- 3 |  4- 6 || total
-------------------------+-------+-------++-------
Melee: Unarmed           |    46 |       ||    46
       Kick              |     7 |    12 ||    19
       Tailslap          |     4 |     6 ||    10
       Short sword       |    20 |    51 ||    71
       Headbutt          |     6 |    14 ||    20
       Dagger            |       |    23 ||    23
 Cast: Beastly Appendage |    15 |    14 ||    29
  Use: Scroll            |       |     1 ||     1
 Stab: Sleeping          |       |     1 ||     1
Armor: Skin              |    16 |    20 ||    36
Dodge: Dodged            |    53 |    37 ||    90
